SCURSCUM, neutral female scurrid Tourist ------------ ------ ..... | .###########|> |####..... # | | #+ | ..... ------ | | | +####-.._. --....-- ----- | .# ------# # .....##########.......| |.?!| ----+-------################## ##-...| * |.Bl...| ###-.*/| # ## |.<.| ##h@).....##########|.)?| # ---+- # --....-- |.)*| #### # ### ------ |.%%| ----------- # # ----- | | # ### | | # # # | +#### # # ----------- ###################### # -.-+----# | .# | >| -------- SCURSCUM the Rambler Experience level: 1 Strength: 12 Dexterity: 13 Constitution: 14 Intelligence: 11 Wisdom: 8 Charisma: 21 Health: 0(9) Energy: 2(2) Def: 1 Gold: 269 Moves: 820 Dungeon seed: pv3JI4a87ds5Lbo_ Game ID: SCURSCUM_1498716618 Your Inventory: Coins $ - 269 gold pieces Weapons a - 35 blessed +2 darts (in quiver) z - an uncursed +0 orcish dagger Armor e - an uncursed +0 Hawaiian shirt (being worn) r - an uncursed +0 leather jacket (being worn) Comestibles b - an uncursed chestnut c - 4 uncursed tripe rations d - an uncursed fortune cookie f - an uncursed tin of spinach g - 3 uncursed food rations h - an uncursed egg i - an uncursed tin of lichen Scrolls l - an uncursed scroll of magic mapping m - a blessed scroll of magic mapping w - an uncursed scroll of identify Potions j - an uncursed potion of extra healing k - a blessed potion of extra healing Wands p - an uncursed wand of secret door detection (0:13) Tools n - an uncursed expensive camera (0:96) o - an uncursed credit card q - an uncursed towel Spells and supernatural/magical abilities: Name Level Category Fail Memory W - pray for help -- divine ? -- Your skills at the end: Miscellaneous Skills wands [Basic] Weapon Skills dart [Basic] Spellcasting Skills Final Attributes: You were devoutly aligned. You had infravision. You were very stealthy. You are dead. Vanquished creatures: a hobgoblin 4 jackals 3 newts 4 goblins 2 grid bugs 14 creatures vanquished. Voluntary challenges: You followed a strict vegan diet. You did not adorn yourself with jewelry or accessories. You did not cause conflict. You were not invisible. You did not have reflection. You were not displaced. You were an atheist. You never hit with a wielded weapon. You did not use tools. You did not use sinks. You did not drink any magical draughts. You read items or engraved 2 times, starting on turn 389. You never genocided any monsters. You never polymorphed an object. You never changed form. You used no wishes. You never split a pudding. You never wrote Elbereth's name. You never violated your personal moral code. Dungeon overview: The Dungeons of Doom: levels 1 to 4 Level 1 a long staircase Level 2 a general store Level 3 a sink Level 4 <- You were here a general store, an altar to The Lady a long staircase History has recorded: On T:1 you entered the Dungeons of Doom to retrieve the Amulet of Yendor! On T:277 you reached level 2 of The Dungeons of Doom. On T:378 you reached level 3 of The Dungeons of Doom. On T:449 you reached level 4 of The Dungeons of Doom. Score breakdown: Gold: 164 ( 16 points) Experience: 1 level ( 0 points) Exploration: 4 levels ( 90 points) Discoveries: 2 items ( 100 points) Variety of kills: 5 monsters ( 250 points) Major goal: (nothing yet) ( 0 points) Survival: died (score multiplied by 3) Total score: 1368 Latest messages: You see here a scroll of identify (13 zorkmids). You see here a yellowish brown gem (667 zorkmids). You see here a runed short sword (9 zorkmids). You see here 11 crossbow bolts (165 zorkmids). You see here a candy bar (13 zorkmids). Adjama talks about the problem of shoplifters. You start chewing a hole in the rock. You continue digging. You succeed in cutting away some rock. You start chewing a hole in the rock. You continue digging. You succeed in cutting away some rock. $ - 11 gold pieces. The hobbit throws a dagger! You are hit! The newt bites! The bat just misses! The bat misses. The bat bites! You miss it. The bat bites! You die... Final status: Aloha SCURSCUM the Tourist, killed by a bat... You died in The Dungeons of Doom on dungeon level 4 with 1368 points, and 269 pieces of gold, after 820 moves. You were level 1 with a maximum of 9 hit points when you died.